 Dungeon Crawl Stone Soup version 0.30-a0-1074-g5db6f66fbb (webtiles) character file.

Game seed: 490979675339493088

2627720 Chudface the Cryomancer (level 27, 228/228 HPs)
             Began as a Barachi Ice Elementalist on Apr 7, 2023.
             Was the Champion of Vehumet.
             Escaped with the Orb
             ... and 4 runes on Apr 13, 2023!
             The game lasted 10:20:12 (58195 turns).

Chudface the Cryomancer (Barachi Ice Elementalist) Turns: 58195, Time: 10:20:13

Health: 228/228    AC: 28    Str: 17    XL:     27
Magic:  51/55      EV: 19    Int: 28    God:    Vehumet [******]
Gold:   2269       SH: 10    Dex: 18    Spells: 1/64 levels left

rFire   + . .      SeeInvis +    b - staff of conjuration
rCold   + . .      Faith    .    g - +3 buckler {rC+ rF+}
rNeg    + . .      Spirit   .    P - +4 troll leather armour {Snorg}
rPois   .          Reflect  .    Q - +2 helmet {SInv}
rElec   .          Rampage  .    z - +4 dragonskin cloak
rCorr   .          Clarity  +    J - +3 pair of gauntlets of War {Slay+5}
Will    +++++                    r - +2 pair of boots {Fly}
Stlth   +                        q - amulet of the Four Winds {rN+ Will+++ Clar}
HPRegen 1.38/turn                L - ring of fire
MPRegen 0.34/turn                m - ring "Quuxt" {Ice MP+9 Dex+5}

@: flying, hasted, studying Invocations, quick
A: amphibious, slowness 1, strong legs 2, +LOS, talons 1, berserk 1, clever 1,
strong 2, inability to drink after injury 2, devolution 1
0: Orb of Zot
}: 4/15 runes: decaying, slimy, silver, gossamer
a: Hop, Renounce Religion


You escaped.
You worshipped Vehumet.
Vehumet was exalted by your worship.
You visited 11 branches of the dungeon, and saw 53 of its levels.
You visited the Abyss 1 time.
You visited 2 bazaars.
You also visited: Trove, Ice Cave and Wizlab.

You collected 7579 gold pieces.
You spent 5310 gold pieces at shops.

Inventory:

Hand Weapons
 e - a +9 double sword of electrocution
Missiles
 I - 3 throwing nets
 R - 12 silver javelins
 Z - 7 curare-tipped darts (quivered)
Armour
 g - a +3 buckler of resistance (worn)
 r - a +2 pair of boots of flying (worn)
 z - the +4 dragonskin cloak (worn)
   (You took it off Tiamat on level 1 of the Realm of Zot)

   Avatar's Aegis: It grants the wearer a chance to resist fire, cold, poison,
   electricity, acid, and negative energy.
 J - the +3 pair of gauntlets of War (worn) {Slay+5}
   (You found it on level 1 of the Elven Halls)

   Slay:      It affects your accuracy & damage with ranged weapons and melee
   (+5).
 P - a +4 troll leather armour (worn) {Snorg}
 Q - a +2 helmet of see invisible (worn)
Magical Staves
 a - the staff of cold "Koguff" {rF+ rC+ Int+3}
   (You found it on level 13 of the Dungeon)

   [staff of cold]

   Base accuracy: +5 Base damage: 5 Base attack delay: 1.2 This weapon's minimum
   attack delay (0.6) is reached at skill level 12.
   Int:       It affects your intelligence (+3).
   rF:        It protects you from fire.
   rC:        It protects you from cold.
   It falls into the 'Staves' category.
   It is a one-handed weapon.
 b - a staff of conjuration (weapon)
 c - the staff of air "Isimnup" {rElec Dex+5 Stlth+}
   (You found it on level 3 of the Elven Halls)

   [staff of air]

   Base accuracy: +5 Base damage: 5 Base attack delay: 1.2 This weapon's minimum
   attack delay (0.6) is reached at skill level 12.
   Dex:       It affects your dexterity (+5).
   rElec:     It insulates you from electricity.
   Stlth:     It makes you more stealthy.
   It falls into the 'Staves' category.
   It is a one-handed weapon.
 f - a staff of fire
 Y - the staff of death "Enamad" {rF++ rC+ rN+}
   (You found it on level 5 of the Vaults)

   [staff of death]

   Base accuracy: +5 Base damage: 5 Base attack delay: 1.2 This weapon's minimum
   attack delay (0.6) is reached at skill level 12.
   rF:        It greatly protects you from fire.
   rC:        It protects you from cold.
   rN:        It protects you from negative energy.
   It falls into the 'Staves' category.
   It is a one-handed weapon.
Jewellery
 m - the ring "Quuxt" (right hand) {Ice MP+9 Dex+5}
   (You found it on level 3 of the Vaults)

   [ring of ice]

   It enhances your ice magic.
   Dex:       It affects your dexterity (+5).
   rF:        It makes you vulnerable to fire.
   rC:        It protects you from cold.
   MP:        It affects your magic capacity (+9).
 q - the amulet of the Four Winds (around neck) {rN+ Will+++ Clar}
   (You took it off a deep elf knight on level 3 of the Elven Halls)

   [amulet of nothing]

   rN:        It protects you from negative energy.
   Clar:      It protects you against confusion.
   Will:      It greatly increases your willpower.
 H - a ring of poison resistance
 L - a ring of fire (left hand)
 T - the ring of Pyetinek {+Blink rF+ rC- Int-3 Dex+7}
   (You found it on level 2 of the Swamp)

   [ring of protection from fire]

   Int:       It affects your intelligence (-3).
   Dex:       It affects your dexterity (+7).
   rF:        It protects you from fire.
   rC:        It makes you vulnerable to cold.
   +Blink:    It lets you blink.
 V - the ring "Ecaech" {rC+ Int+3}
   (You found it in an ice cave)

   [ring of protection from cold]

   Int:       It affects your intelligence (+3).
   rC:        It protects you from cold.
 X - a ring of resist corrosion
Wands
 d - a wand of digging (9)
 A - a wand of quicksilver (19)
 W - a wand of roots (90)
Scrolls
 j - 4 scrolls of summoning
 l - a scroll of immolation
 n - 12 scrolls of fog
 v - 12 scrolls of poison
 y - 22 scrolls of teleportation
 C - 5 scrolls of fear
 F - 12 scrolls of blinking
 N - 8 scrolls of magic mapping
 O - 14 scrolls of amnesia
Potions
 h - 7 potions of resistance
 k - 19 potions of curing
 o - 8 potions of haste
 s - 13 potions of heal wounds
 t - 9 potions of brilliance
 u - 10 potions of might
 w - 3 potions of invisibility
 B - 6 potions of attraction
 D - 12 potions of lignification
 E - 7 potions of magic
 K - 4 potions of mutation
 M - 5 potions of cancellation
 U - 4 potions of ambrosia
Miscellaneous
 i - a condenser vane
 x - a box of beasts
 G - a phantom mirror


   Skills:
 + Level 21.0 Fighting
 - Level 10.2 Long Blades
 - Level 15.0 Armour
 - Level 12.0 Dodging
 - Level 2.0 Stealth
 - Level 10.0 Shields
 - Level 19.0 Spellcasting
 - Level 24.0 Conjurations
 - Level 3.4 Summonings
 - Level 6.0 Necromancy
 - Level 4.0 Translocations
 - Level 24.0 Fire Magic
 - Level 25.0 Ice Magic
 - Level 8.0 Earth Magic
 - Level 10.0 Evocations


You had one spell level left.
You knew the following spells:

 Your Spells              Type           Power      Damage    Failure   Level
a - Fireball              Conj/Fire      76%        3d28      0%          5
b - Sublimation of Blood  Necr           57%        N/A       1%          2
c - Ozocubu's Armour      Ice            100%       N/A       0%          3
d - Ozocubu's Refrigerat  Ice            64%        4d21      1%          7
e - Fire Storm            Conj/Fire      76%        8d19      3%          9
f - Iskenderun's Mystic   Conj/Tloc      100%       2d19      1%          4
h - Iron Shot             Conj/Erth      54%        9d10      1%          6
i - Orb of Destruction    Conj           63%        9d15      1%          7
j - Ignition              Fire           63%        3d17      1%          8
k - Polar Vortex          Ice            64%        N/A       2%          9
l - Blink                 Tloc           98%        N/A       1%          2
m - Apportation           Tloc           98%        N/A       1%          1

Your spell library contained the following spells:

 Spells                   Type           Power      Damage    Failure   Level
 Lehudib's Crystal Spear  Conj/Erth      54%        10d13     5%          8
 Foxfire                  Conj/Fire      100%       2x1d9     0%          1
 Freeze                   Ice            100%       1d10      0%          1
 Kiss of Death            Conj/Necr      100%       2d13      0%          1
 Magic Dart               Conj           100%       1d8       0%          1
 Shock                    Conj/Air       100%       1d9       0%          1
 Slow                     Hex            100%       N/A       2%          1
 Momentum Strike          Conj/Tloc      100%       3d10      0%          2
 Static Discharge         Conj/Air       100%       2-7/arc   0%          2
 Frozen Ramparts          Ice            100%       1d16      0%          3
 Hailstorm                Conj/Ice       100%       3d20      0%          3
 Volatile Blastmotes      Fire/Tloc      100%       2d18      0%          3
 Flame Wave               Conj/Fire      100%       2d21      0%          4
 Sticky Flame             Conj/Fire      100%       2d11      0%          4
 Iskenderun's Battlesphe  Conj           100%       2d15      0%          5
 Starburst                Conj/Fire      76%        6d19      0%          6
 Call Imp                 Summ           90%        N/A       1%          2
 Ensorcelled Hibernation  Hex/Ice        100%       N/A       1%          2
 Lesser Beckoning         Tloc           98%        N/A       1%          2
 Poisonous Vapours        Pois/Air       52%        N/A       1%          2
 Dazzling Flash           Conj/Hex       100%       N/A       1%          3
 Gell's Gravitas          Tloc           49%        N/A       1%          3
 Mephitic Cloud           Conj/Pois/Air  82%        N/A       1%          3
 Teleport Other           Tloc           49%        N/A       1%          3
 Vampiric Draining        Necr           57%        2d10      1%          3
 Animate Dead             Necr           57%        N/A       1%          4
 Dispel Undead            Necr           57%        3d20      1%          4
 Fulminant Prism          Conj/Hex       48%        3d21      1%          4
 Ice Form                 Ice/Tmut       98%        N/A       1%          4
 Summon Ice Beast         Ice/Summ       100%       N/A       1%          4
 Arcjolt                  Conj/Air       48%        1d58      1%          5
 Freezing Cloud           Conj/Ice/Air   66%        6-21      1%          5
 Metabolic Englaciation   Hex/Ice        49%        N/A       1%          5
 Conjure Ball Lightning   Conj/Air       48%        3x3d17    1%          6
 Plasma Beam              Fire/Air       48%        2x1d68    1%          6
 Simulacrum               Ice/Necr       53%        N/A       1%          6
 Portal Projectile        Hex/Tloc       74%        N/A       2%          3
 Vhi's Electric Charge    Tloc/Air       74%        N/A       2%          3
 Wereblood                Tmut           26%        N/A       3%          2
 Summon Guardian Golem    Hex/Summ       36%        N/A       3%          3
 Borgnjor's Vile Clutch   Necr/Erth      30%        N/A       3%          5
 Manifold Assault         Tloc           49%        N/A       4%          4
 Passage of Golubria      Tloc           49%        N/A       4%          4
 Confusing Touch          Hex            26%        N/A       6%          3
 Swiftness                Air            26%        N/A       6%          3
 Tukima's Dance           Hex            26%        N/A       6%          3
 Airstrike                Air            13%        2d(2-18)  6%          4
 Olgreb's Toxic Radiance  Pois           26%        N/A       6%          4
 Summon Lightning Spire   Summ/Air       36%        N/A       11%         4
 Yara's Violent Unravell  Hex/Tmut       13%        3d7       16%         5
 Cause Fear               Hex            13%        N/A       22%         4
 Death Channel            Necr           28%        N/A       28%         6
 Summon Mana Viper        Hex/Summ       36%        N/A       30%         5
 Alistair's Intoxication  Tmut/Pois      17%        N/A       52%         5
 Blade Hands              Tmut           13%        N/A       52%         5
 Dispersal                Tloc           24%        N/A       54%         6
 Haunt                    Necr/Summ      26%        N/A       95%         7
 Chain Lightning          Conj/Air       48%        3d64      97%         9
 Summon Hydra             Summ           22%        N/A       99%         7
 Dragon Form              Tmut           13%        N/A       100%        7
 Storm Form               Tmut/Air       13%        N/A       100%        7
 Discord                  Hex            13%        N/A       100%        8
 Disjunction              Tloc           24%        N/A       100%        8
 Infestation              Necr           28%        N/A       100%        8
 Maxwell's Capacitive Co  Air            13%        ∞         100%        8
 Necromutation            Tmut/Necr      21%        N/A       100%        8
 Dragon's Call            Summ           22%        N/A       100%        9
 Shatter                  Erth           31%        3d26*     100%        9


Dungeon Overview and Level Annotations

Branches:
Dungeon (15/15)            Temple (1/1) D:5            Lair (5/5) D:10
  Swamp (4/4) Lair:3       Spider (4/4) Lair:3        Slime (5/5) Lair:4
    Orc (2/2) D:10            Elf (3/3) Orc:2        Vaults (5/5) D:13
  Crypt (0/3) Vaults:2     Depths (4/4) D:15            Zot (5/5) Depths:4
  IceCv (visited)          WizLab (visited)

Altars:
Ashenzari
Cheibriados
Dithmenos
Elyvilon
Fedhas
Gozag
Hepliaklqana
Kikubaaqudgha
Makhleb
Nemelex Xobeh
Okawaru
Qazlal
Ru
Sif Muna
Trog
Uskayaw
Vehumet
Wu Jian
Xom
Yredelemnul
Zin
The Shining One
Jiyva

Shops:
D:1 =[[[   D:5 *   Orc:2 :[*:!   Elf:2 [   Elf:3 =*[***   Vaults:5 [
Depths:4 ***[

Portals:
Hell: Depths:1 Depths:2 Depths:3 Depths:4
Abyss: Depths:3 Depths:4
Pandemonium: Depths:2 Depths:4
Ziggurat: Depths:1

Annotations:
D:2 exclusion: 2 downstairs
D:3 Grinder
D:6 2 transporters, 3 runed translucent doors, Menkaure; roninjake's ghost, novice MiFi
D:8 Psyche
D:11 exclusion: downstairs
D:13 exclusion: upstairs
D:14 Roxanne
Lair:1 2 transporters, exclusion: downstairs, DelvingFriendo's ghost, novice DEHW
Lair:4 exclusion: downstairs
Spider:1 exclusion: downstairs
Spider:2 3 runed translucent doors, exclusion: downstairs, OrthodoxDeviant's ghost, adept DsGl
Elf:2 3 runed translucent doors
Vaults:4 exclusion: 2 downstairs
Depths:1 exclusion: downstairs
Depths:2 1 transporter
Depths:3 exclusion: downstairs
Zot:1 exclusion: downstairs
Zot:2 2 transporters, Gehih's ghost, veteran MiBe


Innate Abilities, Weirdness & Mutations

You are amphibious.
You cover ground slowly.
You can hop long distances.
You have an extended range of vision and can be seen from far away.
You have sharp toenails.
You sometimes lose your temper in combat.
Your mind is acute. (Int +4, Str/Dex -1)
Your muscles are very strong. (Str +8, Int/Dex -2)
You sometimes lose the ability to drink potions when taking damage.
You have hidden genetic defects.


Message History

Confirm with . or Enter, or press ? or * to list all spells.
Aiming: Fire Storm (dangerous; 3% risk of failure)
Press: ? - help, Dir - move target You feel a strong surge of power!
A raging storm of fire appears!
The great blast of fire engulfs Ewusyco!!!
Ewusyco partially resists.
Ewusyco is almost dead.
The great blast of fire engulfs the lich!!!
You destroy the lich!
Vehumet accepts your kill.
You feel your power returning.
Ewusyco is engulfed in blazing flames.
Ewusyco tentacle-slaps your fire vortex!
Unknown command.
Casting: Fire Storm (dangerous; 3% risk of failure)
Confirm with . or Enter, or press ? or * to list all spells.
Aiming: Fire Storm (dangerous; 3% risk of failure)
Press: ? - help, Dir - move target You feel a strong surge of power!
A raging storm of fire appears!
The great blast of fire engulfs Ewusyco!!!
Ewusyco partially resists.
You kill Ewusyco!
Vehumet accepts your kill.
You feel your power returning.
Your Fighting skill increases to level 21!
Casting: Fire Storm (dangerous; 3% risk of failure)
Confirm with . or Enter, or press ? or * to list all spells.
You draw magical energy from your own body!
The butterfly is engulfed in blazing flames.
You kill the butterfly!
Casting: Sublimation of Blood (safe; 1% risk of failure)
Confirm with . or Enter, or press ? or * to list all spells.
You draw magical energy from your own body!
(D) Dungeon (T) Temple (L) Lair (S) Swamp (N) Spider Nest (M) Slime Pits (O) Orcish Mines (E) Elven Halls (V) Vaults (C) Crypt (U) Depths (H) Hell (Z) Zot
Where to? (Enter - D:1 @ (x,y), ? - help)
Okay, then.
There is a staircase leading out of the dungeon here.
You have escaped!

.#####.### .......# .#.##..#
####### ....#..####.....#####
....)..∩..........#.##
....#.####....PP.....##
......###....PPP♣P.P..#
.#######.....♣♣♣P..P..####### ..#
###.P.♣.♣♣.@..♣♣P......# ..#
#.....PP.♣P....P.#####.#
..####.#.....P....P...# ###.#####
........#......⌠.....####........
v..####.#.#......⌠.....##.#.#####
v.......#.##........P⌠.##.#...###
............b....PP♣♣P.##.##...##
........#.......P♣♣PP..##.##...##
........#..#..#...♣♣[..##.##...##


There were no monsters in sight!

Vanquished Creatures
  the Royal Jelly (Slime:5)
  Dissolution (Slime:3)
  2 ancient liches (Zot:5)
  Tiamat (Zot:1)
  2 dread liches (Zot:5)
  5 orbs of fire (Zot:5)
  Mara (Depths:2)
  A juggernaut (Depths:4)
  Sojobo (Vaults:5)
  Josephina (Zot:2)
  Parghit (Zot:3)
  7 Killer Klowns
  Bai Suzhen (Depths:2)
  Saint Roka (Depths:1)
  Xtahua (Vaults:4)
  5 curse toes
  3 caustic shrikes (Depths:3)
  Nikola (Vaults:1)
  9 golden dragons
  the Enchantress (Depths:1)
  3 pandemonium lords
  3 electric golems
  Jorgrun (D:12)
  26 tentacled monstrosities
  A walking crystal tome (Depths:3)
  23 Orb Guardians (Zot:5)
  2 walking frostbound tomes (Depths:3)
  5 liches
  7 quicksilver dragons
  2 deep elf blademasters (Elf:3)
  6 titans
  7 deep elf master archers
  3 Executioners
  15 acid blobs
  2 thorn hunters
  Gastronok (Lair:2)
  11 sphinxes
  10 shadow dragons
  A tentacled starspawn (D:15)
  7 tengu reavers (Vaults:5)
  16 storm dragons
  7 death cobs
  3 fenstrider witches (WizLab)
  19 draconian monks
  3 fire giants
  11 draconian knights
  15 rockslimes
  9 azure jellies
  10 deep elf sorcerers
  22 vault wardens
  5 draconian scorchers
  Louise (D:14)
  11 ghost moths
  4 balrugs
  6 frost giants
  8 draconian shifters
  An angel (D:12)
  11 draconian stormcallers
  5 emperor scorpions
  2 deep elf elementalists (Elf:3)
  14 draconian annihilators
  Aizul (Swamp:3)
  An iron dragon (Vaults:5)
  An orc warlord (Orc:2)
  4 war gargoyles
  A reaper (Zot:5)
  10 ironbound thunderhulks
  3 spriggan defenders (Depths:1)
  8 quicksilver oozes
  4 broodmothers
  3 very ugly things
  2 cacodemons
  14 stone giants
  18 ironbound preservers
  3 vampire knights
  15 black draconians
  22 purple draconians
  6 deep elf annihilators
  18 white draconians
  19 dire elephants
  17 green draconians
  Nessos (D:12)
  10 deep elf demonologists
  A spark wasp (shapeshifter) (Vaults:5)
  24 red draconians
  8 eleionomae
  7 bunyips
  10 spark wasps
  Snorg (D:14)
  25 yellow draconians
  A blizzard demon (D:14)
  10 fire dragons
  4 deep elf death magi
  17 yaktaur captains
  2 green deaths (Swamp:4)
  15 ettins
  3 shambling mangroves
  8 deep elf high priests
  7 great orbs of eyes
  2 entropy weavers
  5 rakshasas
  9 ice dragons
  Fannar (D:10)
  42 vault guards
  6 spriggan air magi
  4 ogre magi
  A catoblepas (D:14)
  2 hell beasts (Swamp:4)
  15 ironbound frosthearts
  22 hydras
  A jorogumo (Spider:3)
  18 centaur warriors
  4 ghost crabs
  A death knight (D:14)
  4 radroaches
  5 boulder beetles
  21 dancing weapons
  8 two-headed ogres
  7 deep troll shamans
  8 alligators
  3 satyrs (WizLab)
  A vampire mage (Depths:3)
  16 deep troll earth magi
  3 orc high priests (Orc:2)
  Urug (Lair:1)
  7 spriggan berserkers
  4 tengu warriors
  A naga sharpshooter (WizLab)
  Nergalle (Lair:2)
  6 sun demons
  A titan skeleton (Vaults:2)
  Amaemon (Lair:1)
  8 skeletal warriors
  A hell knight (Vaults:5)
  A salamander mystic (Depths:2)
  A skyshark (Lair:4)
  9 deep elf knights
  2 sixfirhies (D:7)
  A death drake (Swamp:2)
  5 iron trolls
  3 goliath frogs
  4 pharaoh ants
  2 sun moths (Spider:2)
  3 spriggan druids
  A glowing orange brain (shapeshifter) (D:13)
  2 flayed ghosts (Depths:3)
  15 bog bodies
  9 orb spiders
  4 glowing orange brains
  6 swamp dragons
  3 spectral hydras (Swamp:2)
  9 lindwurms
  4 wizards
  8 orc knights
  10 harpies
  11 deep elf archers
  41 deep trolls
  14 ironbound convokers
  Pikel (D:6)
  6 necromancers
  16 deep elf zephyrmancers
  25 ugly things
  A goliath frog zombie (Swamp:2)
  10 phantasmal warriors
  7 steelbarb worms
  2 oklob plants
  A shadow dragon skeleton (Vaults:2)
  21 wolf spiders
  26 deep elf pyromancers
  A wolf spider (shapeshifter) (Vaults:3)
  10 manticores (Depths:2)
  6 orc sorcerers
  2 fauns (WizLab)
  4 cyclopes
  A manticore (shapeshifter) (Elf:3)
  2 salamanders (Depths:2)
  A will-o-the-wisp (Swamp:2)
  A sphinx skeleton (Vaults:2)
  2 shining eyes (Slime:5)
  25 moths of wrath
  2 ice statues (IceCv)
  2 frost giant skeletons (Vaults:2)
  Maurice (Orc:1)
  6 human skeletons (Vaults:2)
  5 eyes of devastation
  A moth of wrath (shapeshifter) (Vaults:5)
  9 demonic crawlers
  2 stone giant skeletons
  20 vault sentinels
  12 elephants
  A smoke demon (Depths:2)
  2 gargoyles
  6 orange demons
  4 black mambas
  A cane toad (shapeshifter) (Elf:1)
  A hellion (D:13)
  5 torpor snails
  10 cane toads
  2 centaur skeletons (D:15)
  2 efreet
  A golden dragon simulacrum (Zot:2)
  An unseen horror (D:11)
  2 tengu conjurers (Depths:2)
  2 yaktaur zombies
  5 komodo dragons
  4 rime drakes
  33 yaktaurs
  6 swamp worm zombies (Swamp:2)
  3 freezing wraiths
  A yaktaur skeleton (Vaults:2)
  A ghost moth simulacrum (Zot:2)
  4 red devils (D:15)
  4 tyrant leeches
  2 bloated husks
  29 hornets
  7 polar bears (Lair:5)
  7 trolls
  23 blink frogs
  18 tarantellas
  An ettin zombie (Vaults:2)
  2 spectral swamp dragons (Swamp:2)
  An elf zombie (Vaults:4)
  13 jumping spiders
  8 dream sheep
  2 alligator zombies (Swamp:2)
  3 shadows
  A deep troll skeleton (Vaults:2)
  4 air elementals
  17 culicivoras
  101 slime creatures
  A spriggan (shapeshifter) (D:15)
  4 water elementals
  5 wraiths
  29 spriggans
  24 fire elementals
  4 tyrant leech zombies (Swamp:2)
  3 wyverns
  62 yaks
  7 basilisks
  6 golden eyes (Slime:5)
  A purple draconian simulacrum (Zot:2)
  Grum (Lair:1)
  43 redbacks
  A redback (shapeshifter) (Vaults:5)
  12 vampire mosquitoes
  3 steam dragons
  13 swamp worms
  2 elf skeletons (Vaults:2)
  4 wargs
  2 neqoxecs
  An acid dragon (D:9)
  A glowing shapeshifter skeleton (Vaults:2)
  6 hell hounds
  2 moth of wrath simulacra (Zot:2)
  A floating eye (Slime:5)
  13 water moccasins
  A floating eye (shapeshifter) (Vaults:5)
  26 orc warriors
  3 black bears
  4 large abominations
  An ogre skeleton (Vaults:2)
  An ice beast (D:8)
  A sky beast (D:8)
  4 swamp drakes
  5 great orb of eyes simulacra (IceCv)
  11 ogres
  A human zombie (Vaults:4)
  A centaur (shapeshifter) (Vaults:5)
  41 wolves
  3 boggarts (Lair:5)
  8 centaurs
  5 slime creature simulacra (IceCv)
  A lemure (D:6)
  Blork the orc (D:5)
  15 bullfrogs
  2 kobold brigands
  3 scorpions
  4 glowing shapeshifter simulacra (IceCv)
  3 troll zombies (Swamp:2)
  5 killer bees (D:9)
  A spriggan zombie (Swamp:2)
  7 electric eels
  2 vampire bats (D:9)
  2 howler monkeys
  3 jellies
  19 orc priests
  Crazy Yiuf (D:6)
  A gnoll bouda (D:5)
  10 hounds
  6 hell rats (Lair:5)
  2 iguanas
  23 orc wizards
  5 shapeshifter simulacra (IceCv)
  A boggart skeleton (D:15)
  A small abomination (D:1)
  Robin (D:4)
  12 gnolls
  2 adders
  3 white imps
  2 ufetubi (D:5)
  4 worms
  3 dart slugs
  86 orcs
  2 ball pythons
  4 endoplasms
  2 giant cockroaches
  15 goblins
  10 hobgoblins
  9 jackals
  13 bats
  4 frilled lizards
  15 kobolds
  3 rats
  2 bushes (WizLab)
  2 butterflies (D:1)
  18 fire vortices
  2 foxfires (Elf:3)
2367 creatures vanquished.

Vanquished Creatures (collateral kills)
  A dread lich (Zot:5)
  A Killer Klown (Zot:5)
  2 Orb Guardians (Zot:5)
  2 ghost moths (Zot:5)
6 creatures vanquished.

Vanquished Creatures (others)
  3 bloated husks
  An orc (Orc:1)
  70 fire vortices
  101 foxfires
  44 fungi
  67 plants
  6 starspawn tentacles (D:15)
  6 withered plants (Swamp:2)
298 creatures vanquished.

Grand Total: 2671 creatures vanquished

Notes
Turn   | Place    | Note
-------+----------+-------------------------------------------
     0 | D:1      | Chudface the Barachi Ice Elementalist began the quest for
                  | the Orb.
     0 | D:1      | Reached XP level 1. HP: 13/13 MP: 3/3
    72 | D:1      | Found Fotod's Armour Shoppe.
   194 | D:1      | Reached XP level 2. HP: 19/20 MP: 3/5
   245 | D:1      | Reached skill level 5 in Ice Magic
   331 | D:1      | Found Ugraexy's Armour Shoppe.
   372 | D:1      | Reached skill level 1 in Fighting
   423 | D:1      | Found Wimeqask's Jewellery Shop.
   465 | D:1      | Reached XP level 3. HP: 26/26 MP: 0/6
   469 | D:1      | Learned a level 3 spell: Frozen Ramparts
   492 | D:1      | Found Qunob's Armour Shoppe.
   593 | D:1      | Reached skill level 1 in Shields
   864 | D:2      | Found a sacrificial altar of Ru.
   924 | D:2      | Reached XP level 4. HP: 27/32 MP: 3/7
  1330 | D:2      | Reached skill level 6 in Ice Magic
  1382 | D:2      | Learned a level 3 spell: Ozocubu's Armour
  1452 | D:3      | Noticed Grinder
  1452 | D:3      | Paralysed by Grinder for 3 turns
  1468 | D:3      | Paralysed by Grinder for 4 turns
  1770 | D:3      | Identified the +3 flail "Ekud" {elec, *Rage rElec Int+3
                  | Stlth+}
  2040 | D:4      | Noticed a bullfrog
  2048 | D:4      | Killed a bullfrog
  2049 | D:4      | Reached XP level 5. HP: 37/37 MP: 1/8
  2154 | D:4      | Reached skill level 7 in Ice Magic
  2425 | D:4      | Noticed a black bear
  2432 | D:4      | Killed a black bear
  2433 | D:4      | Reached XP level 6. HP: 44/44 MP: 2/9
  2726 | D:4      | Reached XP level 7. HP: 52/52 MP: 8/10
  2736 | D:4      | Noticed Robin
  2749 | D:4      | Killed Robin
  2891 | D:5      | Entered Level 5 of the Dungeon
  2945 | D:5      | Found a staircase to the Ecumenical Temple.
  2950 | Temple   | Entered the Ecumenical Temple
  2957 | Temple   | Became a worshipper of Vehumet
  2992 | D:5      | Reached skill level 1 in Summonings
  3166 | D:5      | Reached skill level 8 in Ice Magic
  3267 | D:5      | Found Ystripp's Lightly-Used Armoury.
  3427 | D:5      | Reached skill level 5 in Shields
  3460 | D:5      | Learned a level 1 spell: Foxfire
  3563 | D:5      | Noticed Blork the orc
  3574 | D:5      | Killed Blork the orc
  3575 | D:5      | Reached skill level 1 in Conjurations
  3575 | D:5      | Reached skill level 1 in Fire Magic
  3575 | D:5      | Reached XP level 8. HP: 49/58 MP: 4/11
  3618 | D:5      | Reached * piety under Vehumet
  3618 | D:5      | Offered knowledge of Shock by Vehumet.
  3846 | D:6      | Noticed Pikel
  3852 | D:6      | Killed Pikel
  4200 | D:6      | Reached skill level 5 in Conjurations
  4232 | D:6      | Learned a level 5 spell: Fireball
  4243 | D:6      | Found a transporter.
  4261 | D:6      | Found a transporter.
  4297 | D:6      | Found a basalt altar of Yredelemnul.
  4302 | D:6      | Noticed Menkaure
  4307 | D:6      | Found an ancient bone altar of Kikubaaqudgha.
  4423 | D:6      | Found a runed translucent door.
  4424 | D:6      | Noticed Crazy Yiuf
  4430 | D:6      | Killed Crazy Yiuf
  4431 | D:6      | Reached skill level 5 in Fire Magic
  4431 | D:6      | Reached XP level 9. HP: 53/62 MP: 7/13
  4643 | D:6      | Found a snail-covered altar of Cheibriados.
  4803 | D:6      | Found a runed translucent gate.
  4803 | D:6      | Found a runed translucent gate.
  4804 | D:6      | Found a runed translucent gate.
  4806 | D:6      | Noticed roninjake's ghost (novice MiFi)
  4879 | D:6      | Offered knowledge of Sandblast by Vehumet.
  4896 | D:6      | Reached ** piety under Vehumet
  5924 | D:8      | Reached skill level 5 in Spellcasting
  6026 | D:8      | Reached skill level 1 in Long Blades
  6184 | D:8      | Reached XP level 10. HP: 66/70 MP: 14/17
  6227 | D:8      | Noticed Psyche
  6276 | D:8      | Offered knowledge of Volatile Blastmotes by Vehumet.
  6431 | D:9      | Found a shimmering blue altar of Sif Muna.
  6456 | D:9      | Reached *** piety under Vehumet
  6857 | D:9      | Reached skill level 1 in Armour
  6865 | D:9      | Offered knowledge of Airstrike by Vehumet.
  6866 | D:9      | Reached skill level 1 in Evocations
  7286 | D:10     | Entered Level 10 of the Dungeon
  7292 | D:10     | Noticed a two-headed ogre
  7299 | D:10     | Killed a two-headed ogre
  7412 | D:10     | Found a shimmering altar of Xom.
  7458 | D:10     | Reached XP level 11. HP: 76/78 MP: 8/18
  7544 | D:10     | Found a staircase to the Lair.
  7765 | D:10     | Reached skill level 5 in Fighting
  7854 | D:10     | Found a staircase to the Orcish Mines.
  7944 | D:10     | Found Wiuwnoal's Tremendous Tomes.
  8530 | D:11     | Noticed a cyclops
  8603 | D:11     | Killed a cyclops
  8604 | D:11     | Reached skill level 5 in Dodging
  8928 | Lair:1   | Entered Level 1 of the Lair of Beasts
  8932 | Lair:1   | Noticed Urug
  9167 | Lair:1   | Noticed Fannar
  9173 | D:10     | Reached skill level 10 in Conjurations
  9233 | D:10     | Reached **** piety under Vehumet
  9234 | D:10     | Reached skill level 10 in Fire Magic
  9315 | D:10     | Killed Fannar
  9597 | Lair:1   | Killed Urug
  9598 | Lair:1   | Reached skill level 5 in Armour
  9665 | Lair:1   | Learned a level 4 spell: Iskenderun's Mystic Blast
  9676 | Lair:1   | Noticed Maggie
  9681 | Lair:1   | Maggie changed into Maggie the jelly
  9681 | Lair:1   | Noticed Maggie
  9683 | Lair:1   | Killed Maggie the jelly
  9683 | Lair:1   | Offered knowledge of Hailstorm by Vehumet.
  9807 | Lair:1   | Reached skill level 1 in Translocations
  9883 | Lair:1   | Noticed Amaemon
  9893 | Lair:1   | Reached XP level 12. HP: 59/91 MP: 3/19
  9893 | Lair:1   | Killed Amaemon
 10042 | Lair:1   | Noticed a boulder beetle
 10065 | Lair:1   | Killed a boulder beetle
 10077 | Lair:1   | Found a hide-covered altar of Uskayaw.
 10080 | Lair:1   | Found an ornate altar of the Wu Jian Council.
 10082 | Lair:1   | Noticed Grum
 10232 | Lair:1   | Killed Grum
 10245 | Lair:1   | Found a bloodstained altar of Trog.
 10245 | Lair:1   | Found a transporter.
 10245 | Lair:1   | Noticed DelvingFriendo's ghost (novice DEHW)
 10262 | Lair:1   | Found a transporter.
 10638 | Lair:2   | Noticed Nergalle
 10639 | Lair:2   | Noticed Gastronok
 10651 | Lair:2   | Killed Nergalle
 11118 | Lair:2   | Upgraded the game from 0.30-a0-1018-g25214051b3 to
                  | 0.30-a0-1043-g60ff8d5f49
 11595 | Lair:2   | Learned a level 6 spell: Starburst
 11632 | Lair:2   | Reached ***** piety under Vehumet
 11632 | Lair:2   | Offered knowledge of Freezing Cloud by Vehumet.
 11665 | Lair:3   | Gained mutation: You can hop long distances. [Barachi
                  | growth]
 11665 | Lair:3   | Reached XP level 13. HP: 96/96 MP: 8/22
 12202 | Lair:3   | Found a hole to the Spider Nest.
 12380 | Lair:3   | Identified the +2 leather armour of Fun and Games {Harm
                  | rElec Will+ Dex+2}
 12840 | Lair:3   | Reached skill level 5 in Evocations
 12859 | Lair:3   | Found a staircase to the Swamp.
 13731 | Lair:4   | Found a viscous altar of Jiyva.
 13731 | Lair:4   | Found a staircase to the Slime Pits.
 13832 | Lair:5   | Entered Level 5 of the Lair of Beasts
 14196 | Lair:4   | Offered knowledge of Ozocubu's Refrigeration by Vehumet.
 14618 | Orc:1    | Entered Level 1 of the Orcish Mines
 14669 | Orc:2    | Entered Level 2 of the Orcish Mines
 14674 | Orc:2    | Found Leuddol's Book Boutique.
 14836 | Orc:2    | Found a staircase to the Elven Halls.
 15196 | Orc:2    | Noticed an orc warlord
 15552 | D:12     | Reached XP level 14. HP: 98/108 MP: 6/24
 15560 | D:12     | Learned a level 7 spell: Ozocubu's Refrigeration
 15584 | D:12     | Found a sparkling altar of Nemelex Xobeh.
 15711 | D:12     | Noticed Nessos
 15731 | D:12     | Killed Nessos
 15832 | D:12     | Noticed Jorgrun
 15938 | D:12     | Noticed Sonja
 15939 | D:12     | Sonja changed into Sonja the water moccasin
 15939 | D:12     | Noticed Sonja
 15944 | D:12     | Killed Sonja the water moccasin
 16035 | D:13     | Found a gate to the Vaults.
 16044 | D:13     | Reached skill level 9 in Ice Magic
 16045 | D:13     | Reached skill level 10 in Ice Magic
 16167 | D:13     | Reached skill level 11 in Ice Magic
 16513 | D:13     | Identified the staff of cold "Koguff" {rF+ rC+ Int+3}
 16605 | D:13     | Found a frozen archway.
 16614 | IceCv    | Entered an ice cave
 16843 | IceCv    | Reached skill level 12 in Ice Magic
 17046 | IceCv    | Got the ring "Ecaech" {rC+ Int+3}
 17134 | IceCv    | Offered knowledge of Arcjolt by Vehumet.
 17867 | IceCv    | Reached skill level 13 in Ice Magic
 18045 | IceCv    | Noticed an azure jelly
 18052 | IceCv    | Killed an azure jelly
 18108 | IceCv    | Found a viscous altar of Jiyva.
 18108 | IceCv    | Noticed an azure jelly
 18115 | IceCv    | Killed an azure jelly
 18235 | IceCv    | Got the ring "Bycw" {rC+ Str+2 Dex+3}
 18238 | IceCv    | Identified the +4 ring mail of Liberty {Int+3}
 18253 | IceCv    | Got the ring of Yqong {Ice Str+2}
 18988 | D:14     | Reached skill level 14 in Ice Magic
 19110 | D:14     | Noticed Louise
 19133 | D:14     | Killed Louise
 19235 | D:15     | Entered Level 15 of the Dungeon
 19242 | D:15     | Reached XP level 15. HP: 113/113 MP: 4/27
 19958 | D:14     | Noticed Snorg
 20009 | D:14     | Killed Snorg
 20122 | Orc:2    | Killed an orc warlord
 20123 | Orc:2    | Reached skill level 15 in Ice Magic
 20438 | Orc:2    | Offered knowledge of Iron Shot by Vehumet.
 20571 | Orc:1    | Noticed Maurice
 20677 | Orc:1    | Killed Maurice
 20772 | Orc:1    | You fall into a shaft and drop 1 floor!
 21274 | Orc:2    | Learned a level 6 spell: Iron Shot
 21278 | Orc:2    | Found Enueghya's Distillery.
 21278 | Orc:2    | Found Udwaeneo's Antique Armour Boutique.
 21280 | Orc:2    | Found Hoehohoso's General Store.
 21280 | Orc:2    | Found Xuvats's Book Emporium.
 21301 | Orc:2    | Bought a potion of heal wounds for 70 gold pieces
 21301 | Orc:2    | Bought 2 potions of heal wounds for 140 gold pieces
 21301 | Orc:2    | Bought a potion of magic for 112 gold pieces
 21301 | Orc:2    | Bought 2 potions of curing for 84 gold pieces
 21301 | Orc:2    | Bought a potion of curing for 42 gold pieces
 21301 | Orc:2    | Bought a potion of might for 56 gold pieces
 21396 | Elf:1    | Entered Level 1 of the Elven Halls
 21400 | Elf:1    | Found the +3 pair of gauntlets of War {Slay+5}
 21408 | Elf:1    | Reached skill level 10 in Shields
 21551 | D:12     | You fall into a shaft and drop 2 floors!
 21700 | D:14     | Noticed Roxanne
 21840 | D:14     | Reached skill level 16 in Ice Magic
 21840 | D:14     | Reached skill level 1 in Earth Magic
 22389 | D:15     | Found a blossoming altar of Fedhas.
 22423 | D:15     | Reached skill level 5 in Earth Magic
 22423 | Abyss:2  | Cast into level 2 of the Abyss (a wizard)
 22481 | Abyss:2  | Found a transporter.
 22481 | Abyss:2  | Noticed a tentacled starspawn
 22488 | Abyss:2  | Noticed an Executioner
 22492 | D:15     | Escaped the Abyss
 23173 | Lair:5   | Reached XP level 16. HP: 118/120 MP: 10/29
 23948 | Lair:5   | Offered knowledge of Yara's Violent Unravelling by Vehumet.
 24311 | Lair:5   | Reached skill level 10 in Fighting
 24501 | Spider:1 | Entered Level 1 of the Spider Nest
 25795 | Swamp:1  | Entered Level 1 of the Swamp
 25798 | Swamp:1  | Reached skill level 10 in Spellcasting
 25819 | Swamp:1  | Offered knowledge of Iskenderun's Battlesphere by Vehumet.
 25939 | Swamp:1  | Noticed a thorn hunter
 25956 | Swamp:1  | Killed a thorn hunter
 26233 | Swamp:1  | Reached skill level 17 in Ice Magic
 26713 | Swamp:2  | Reached XP level 17. HP: 128/128 MP: 6/31
 26835 | Swamp:4  | Entered Level 4 of the Swamp
 26843 | Swamp:3  | Noticed Aizul
 26950 | Swamp:2  | Found an ornate altar of the Wu Jian Council.
 26990 | Swamp:2  | Reached skill level 10 in Armour
 27334 | Swamp:2  | Reached ****** piety under Vehumet
 27335 | Swamp:2  | Offered knowledge of Orb of Destruction by Vehumet.
 27410 | Swamp:2  | Reached skill level 18 in Ice Magic
 27541 | Swamp:2  | Identified the ring of Pyetinek {+Blink rF+ rC- Int-3
                  | Dex+7}
 27734 | Swamp:3  | Killed Aizul
 28030 | Swamp:3  | Upgraded the game from 0.30-a0-1043-g60ff8d5f49 to
                  | 0.30-a0-1053-gbd8d5ba0ad
 28544 | Swamp:4  | Learned a level 7 spell: Orb of Destruction
 29102 | Swamp:4  | Reached skill level 15 in Conjurations
 29247 | Swamp:4  | Reached XP level 18. HP: 135/135 MP: 9/34
 29378 | Swamp:4  | Offered knowledge of Lehudib's Crystal Spear by Vehumet.
 29378 | Swamp:4  | Offered knowledge of Fire Storm by Vehumet.
 29378 | Swamp:4  | Offered knowledge of Ignition by Vehumet.
 29413 | Swamp:4  | Got a decaying rune of Zot
 29900 | Lair:2   | Killed Gastronok
 30016 | Orc:2    | Bought the Precepts of Firn for 850 gold pieces
 30016 | Orc:2    | Bought a scroll of summoning for 161 gold pieces
 30159 | Elf:1    | Paralysed by an air elemental for 1 turns
 30265 | Elf:1    | Identified the +1 battleaxe "Taethraq" {heavy, rF- MP+9
                  | Str-4 Int+6}
 30449 | Elf:2    | Found Liqouv's Antique Armour Shop.
 30849 | Elf:2    | Paralysed by an air elemental for 1 turns
 30854 | Elf:3    | Entered Level 3 of the Elven Halls
 30928 | Elf:3    | Found Oraskyaq's Assorted Antiques.
 30931 | Elf:3    | Reached skill level 15 in Fire Magic
 31012 | Elf:3    | Found Fatacs's Armour Shoppe.
 31040 | Elf:2    | Reached skill level 19 in Ice Magic
 31237 | Elf:3    | Found Hufext's Assorted Antiques.
 31307 | Elf:3    | Found Ozxairal's Jewellery Shoppe.
 31358 | Elf:3    | Found Zeuvepn's General Store.
 31360 | Elf:3    | Found Hirphuk's Specific Store.
 31368 | Elf:3    | Bought a scroll of identify for 32 gold pieces
 31669 | Elf:2    | Found a runed translucent gate.
 31670 | Elf:2    | Found a runed translucent gate.
 31670 | Elf:2    | Found a runed translucent gate.
 31860 | Elf:3    | Noticed a deep elf master archer
 31897 | Elf:3    | Reached skill level 20 in Ice Magic
 31900 | Elf:3    | Killed a deep elf master archer
 31930 | Elf:3    | Noticed a deep elf blademaster
 31934 | Elf:3    | Killed a deep elf blademaster
 31976 | Elf:3    | Noticed a deep elf blademaster
 31990 | Elf:3    | Killed a deep elf blademaster
 32210 | Elf:3    | Reached XP level 19. HP: 146/146 MP: 28/36
 32535 | Elf:3    | Identified the +5 broad axe of War {spect, rPois rF+ Dex+6}
 32671 | Elf:3    | Identified the +2 whip of Zitwut {antimagic, Will- Dex+4}
 32811 | Elf:3    | Identified the staff of poison "Vukhiesu" {rPois Str+2}
 32821 | Elf:3    | Learned a level 2 spell: Sublimation of Blood
 32833 | Elf:3    | Identified the staff of air "Isimnup" {rElec Dex+5 Stlth+}
 32871 | Elf:3    | Identified the +0 ring mail of Free Will {-Tele Str+6}
 33135 | Vaults:1 | Entered Level 1 of the Vaults
 33151 | Vaults:1 | Reached skill level 1 in Necromancy
 33448 | Vaults:1 | Reached skill level 21 in Ice Magic
 33650 | Vaults:1 | You fall into a shaft and drop 1 floor!
 33786 | Vaults:1 | Noticed Nikola
 34156 | Vaults:2 | Found a gateway to a bazaar.
 34166 | Vaults:2 | Identified the amulet of Birdsong {Acrobat rC+}
 34200 | Bazaar   | Entered a bazaar
 34202 | Bazaar   | Found Moum's Antique Armour Boutique.
 34205 | Bazaar   | Found Qadghuf's Antique Weapon Boutique.
 34206 | Bazaar   | Found Wuvumil's Magic Scroll Boutique.
 34206 | Bazaar   | Found Ulerghee's Book Boutique.
 34222 | Bazaar   | Bought a scroll of blinking for 67 gold pieces
 34222 | Bazaar   | Bought a scroll of fog for 36 gold pieces
 34222 | Bazaar   | Bought a scroll of teleportation for 27 gold pieces
 34222 | Bazaar   | Bought a scroll of magic mapping for 67 gold pieces
 34249 | Bazaar   | Bought a scroll of enchant armour for 67 gold pieces
 34249 | Bazaar   | Bought a scroll of fear for 36 gold pieces
 34249 | Bazaar   | Bought a scroll of enchant weapon for 67 gold pieces
 34249 | Bazaar   | Bought a scroll of enchant armour for 67 gold pieces
 34249 | Bazaar   | Bought a scroll of amnesia for 36 gold pieces
 34249 | Bazaar   | Bought a scroll of enchant weapon for 67 gold pieces
 34259 | Bazaar   | Bought Great Wizards, Vol. VII for 240 gold pieces
 34277 | Bazaar   | Bought a pair of embroidered boots for 270 gold pieces
 34408 | Vaults:3 | Found a flickering gateway to a bazaar.
 34430 | Bazaar   | Entered a bazaar
 34432 | Bazaar   | Found Zefiabla's Weapon Emporium.
 34436 | Bazaar   | Found Qodwyv's Antique Weapon Boutique.
 34475 | Bazaar   | Found Ixaurriqeng's Armour Boutique.
 34478 | Bazaar   | Found Guka Xean's Distillery.
 34488 | Bazaar   | Bought 2 potions of magic for 224 gold pieces
 34488 | Bazaar   | Bought a potion of haste for 140 gold pieces
 34488 | Bazaar   | Bought a potion of haste for 140 gold pieces
 34488 | Bazaar   | Bought a potion of heal wounds for 70 gold pieces
 34488 | Bazaar   | Bought a potion of invisibility for 112 gold pieces
 34527 | Vaults:3 | Reached skill level 5 in Necromancy
 34757 | Vaults:2 | Reached XP level 20. HP: 145/153 MP: 22/38
 34802 | Vaults:2 | Found a staircase to the Crypt.
 34860 | Vaults:2 | Reached skill level 15 in Spellcasting
 34876 | Vaults:2 | Found a portal to a secret trove of treasure.
 34968 | Vaults:2 | Reached skill level 22 in Ice Magic
 35502 | Vaults:3 | Reached skill level 23 in Ice Magic
 35980 | Vaults:3 | Found a transporter.
 36018 | Vaults:3 | Found a transporter.
 36107 | Vaults:3 | Identified the +7 mace of Beogh's Fury {drain, +Blink
                  | rCorr}
 36344 | Vaults:3 | Learned a level 9 spell: Polar Vortex
 36408 | Vaults:4 | Noticed Xtahua
 36410 | Vaults:4 | Killed Xtahua
 37072 | Vaults:4 | Reached skill level 24 in Ice Magic
 37269 | Vaults:4 | Reached XP level 21. HP: 79/159 MP: 15/41
 37903 | Vaults:1 | Reached skill level 25 in Ice Magic
 38079 | Vaults:1 | Identified the +4 whip "Rosiuj" {holy, *Slow Int+3}
 38255 | Vaults:1 | Killed Nikola
 39115 | Spider:2 | Found a runed translucent gate.
 39116 | Spider:2 | Found a runed translucent gate.
 39117 | Spider:2 | Found a runed translucent gate.
 39117 | Spider:2 | Noticed OrthodoxDeviant's ghost (adept DsGl)
 39603 | Spider:4 | Entered Level 4 of the Spider Nest
 40721 | Spider:4 | Reached XP level 22. HP: 168/168 MP: 34/43
 40941 | Spider:4 | Got a gossamer rune of Zot
 41251 | D:15     | Found a staircase to the Depths.
 41266 | Depths:1 | Entered Level 1 of the Depths
 41272 | Depths:1 | Noticed Saint Roka
 41273 | Depths:1 | Found a magical portal.
 41282 | Depths:1 | Killed Saint Roka
 41321 | Depths:1 | Learned a level 2 spell: Blink
 41326 | WizLab   | Entered Eringya's Formal Garden
 41337 | WizLab   | Upgraded the game from 0.30-a0-1053-gbd8d5ba0ad to
                  | 0.30-a0-1066-g63dfefce0d
 41554 | WizLab   | Learned a level 1 spell: Apportation
 41896 | WizLab   | Found a blossoming altar of Fedhas.
 41991 | Depths:1 | Noticed the Enchantress
 42001 | Depths:1 | Killed the Enchantress
 42006 | Depths:1 | Reached skill level 10 in Dodging
 42289 | Depths:1 | Found a gateway to Hell.
 42358 | Depths:1 | Found a one-way gateway to a ziggurat.
 42395 | Depths:2 | Noticed Bai Suzhen
 42772 | Depths:1 | Noticed a caustic shrike
 42970 | Depths:2 | Reached skill level 15 in Fighting
 43024 | Depths:2 | Killed Bai Suzhen
 43025 | Depths:2 | Reached XP level 23. HP: 160/181 MP: 10/45
 43085 | Depths:2 | Noticed Mara
 43090 | Depths:2 | Killed Mara
 43201 | Depths:2 | Found a shimmering blue altar of Sif Muna.
 43204 | Depths:2 | Found a transporter.
 43406 | Depths:3 | Noticed a caustic shrike
 43406 | Depths:3 | Noticed a caustic shrike
 43732 | Depths:2 | Found a one-way gate leading to the halls of Pandemonium.
 43895 | Depths:3 | Killed a caustic shrike
 43895 | Depths:3 | Noticed a caustic shrike
 43967 | Depths:3 | Found a one-way gate to the infinite horrors of the Abyss.
 44006 | Depths:4 | Entered Level 4 of the Depths
 44133 | Depths:3 | Killed a caustic shrike
 44142 | Depths:3 | Killed a caustic shrike
 44212 | Depths:3 | Identified the +7 hand axe of the Sneaky Artisans {spect,
                  | Str+2}
 44214 | Depths:3 | Noticed a golden dragon
 44232 | Depths:3 | Killed a golden dragon
 44233 | Depths:3 | Reached skill level 10 in Evocations
 44678 | Depths:4 | Noticed a juggernaut
 44823 | Depths:4 | Identified the +2 trident of Eternal Vigilance {flame, rN+
                  | Str+3}
 44936 | Depths:4 | Found a gate to the Realm of Zot.
 45013 | Depths:4 | Found a stormy altar of Qazlal.
 45055 | Depths:4 | Found Uhaut's Antique Armour Boutique.
 45056 | Depths:4 | Found Haruegaani's General Store.
 45056 | Depths:4 | Found Jatan's General Store.
 45059 | Depths:4 | Found Raoxeyl's General Store.
 45226 | Depths:4 | Killed a juggernaut
 45368 | Depths:4 | Noticed a golden dragon
 45447 | Depths:4 | Reached XP level 24. HP: 197/197 MP: 32/45
 45891 | Slime:1  | Entered Level 1 of the Pits of Slime
 45976 | Slime:3  | Noticed Dissolution
 45980 | Slime:3  | Killed Dissolution
 46042 | Slime:5  | Entered Level 5 of the Pits of Slime
 46117 | Slime:5  | Gained mutation: You are frail. (-10% HP) [a shining eye]
 46380 | Slime:5  | Found a viscous altar of Jiyva.
 46467 | Slime:5  | Noticed the Royal Jelly
 46477 | Slime:5  | Killed the Royal Jelly
 46558 | Slime:5  | Identified the +5 scimitar "Gehulim" {flame, Str+4 Int-3
                  | Dex+2}
 46568 | Slime:5  | Got a slimy rune of Zot
 46614 | Slime:5  | Identified the +5 lajatang "Foatomue" {venom, rN+ Str+3
                  | Int-5}
 46620 | Slime:5  | Identified the +10 plate armour "Lorett" {Dex+2}
 46632 | Slime:5  | Identified a scroll of acquirement
 46638 | Slime:5  | Acquired 1023 gold pieces
 46980 | Vaults:2 | You showed the slimy rune of Zot to enter a treasure trove
 46981 | Trove    | Entered a treasure trove
 46986 | Trove    | Identified the +6 triple sword "Neigoloo" {flame, rElec}
 47000 | Trove    | Identified the +7 war axe of the Smoking Gods {freeze,
                  | Contam Int+4 Dex+7}
 47314 | Zot:1    | Entered Level 1 of the Realm of Zot
 47552 | Zot:1    | Learned a level 8 spell: Ignition
 47862 | Zot:1    | Found the +4 dragonskin cloak
 47862 | Zot:1    | Noticed Tiamat
 48095 | Zot:1    | Reached XP level 25. HP: 151/189 MP: 27/46
 48103 | Zot:1    | Killed Tiamat
 49223 | Depths:4 | Bought a scroll of enchant armour for 105 gold pieces
 49223 | Depths:4 | Bought a potion of mutation for 112 gold pieces
 49228 | Depths:4 | Bought a scroll of blinking for 150 gold pieces
 49228 | Depths:4 | Bought a scroll of teleportation for 60 gold pieces
 49232 | Depths:4 | Bought a scroll of teleportation for 51 gold pieces
 49452 | Zot:2    | Noticed a dread lich
 49489 | Zot:2    | Noticed a dread lich
 50020 | Elf:3    | Bought a potion of brilliance for 116 gold pieces
 50020 | Elf:3    | Bought a potion of brilliance for 116 gold pieces
 50128 | Elf:3    | Bought a potion of resistance for 400 gold pieces
 50128 | Elf:3    | Bought a potion of haste for 400 gold pieces
 50128 | Elf:3    | Bought a potion of haste for 400 gold pieces
 50285 | Elf:3    | Bought a scroll of enchant weapon for 120 gold pieces
 50556 | D:12     | Killed Jorgrun
 50894 | Vaults:3 | Identified the ring "Vaeg" {Will+ Str+4 Dex+3}
 50935 | Vaults:3 | Identified the ring "Quuxt" {Ice MP+9 Dex+5}
 51096 | Vaults:5 | Entered Level 5 of the Vaults
 51096 | Vaults:5 | Noticed Sojobo
 51101 | Vaults:5 | Killed Sojobo
 51202 | Vaults:5 | Reached XP level 26. HP: 117/196 MP: 46/46
 51292 | Vaults:5 | Identified the +2 glaive of Dung {flame, rElec}
 51301 | Vaults:5 | Identified the +7 whip of Amorality {freeze, rC- Str+7
                  | Int-3 Dex+4}
 51394 | Vaults:5 | Identified the +11 mace "Hyhyodgh" {heavy, Fragile Fly
                  | Stlth+}
 51567 | Vaults:5 | Got a silver rune of Zot
 51623 | Vaults:5 | Identified the staff of death "Enamad" {rF++ rC+ rN+}
 51644 | Vaults:5 | Found Hest's Armour Emporium.
 51649 | Vaults:5 | Identified the +4 trident of Huam {vamp, rC+ Int+3 Dex+2
                  | Stlth+}
 51783 | Vaults:5 | Acquired the Exposition on Vexatious Bodies
 51794 | Vaults:5 | Got the Anthology of Obstruction
 52064 | Vaults:5 | Reached skill level 15 in Armour
 52119 | Vaults:5 | Found the +6 lightning scales {swift, rElec}
 52319 | Vaults:5 | Identified the +0 robe of Atwisaoco {-Tele rN++ Str+4}
 52785 | Zot:2    | Found a stormy altar of Qazlal.
 53074 | Zot:2    | Identified the +9 rapier of the Weasel {holy, rElec}
 53239 | Zot:2    | Found a transporter.
 53315 | Zot:2    | Found a transporter.
 53348 | Zot:2    | Noticed Gehih's ghost (veteran MiBe)
 53416 | Zot:2    | Identified the ring "Nuf Gud" {Ice *Corrode Str+4 SInv}
 53416 | Zot:2    | Noticed Josephina
 53471 | Zot:2    | Killed Josephina
 53591 | Zot:2    | Got Hiseics's Encyclopedia of Fire and Brimstone
 53747 | Zot:3    | Learned a level 9 spell: Fire Storm
 53955 | Zot:3    | Identified the +0 crystal plate armour of Sloth {Str+3
                  | Slay+2 Stlth+}
 54126 | Zot:3    | Reached XP level 27. HP: 199/201 MP: 46/46
 54130 | Zot:3    | Noticed Parghit
 54136 | Zot:3    | Killed Parghit
 56140 | Zot:5    | Entered Level 5 of the Realm of Zot
 56518 | Zot:5    | Upgraded the game from 0.30-a0-1066-g63dfefce0d to
                  | 0.30-a0-1074-g5db6f66fbb
 56527 | Zot:5    | Noticed an ancient lich
 56535 | Zot:5    | Killed an ancient lich
 56570 | Zot:5    | Noticed a dread lich
 56580 | Zot:5    | Killed a dread lich
 56604 | Zot:5    | Noticed an ancient lich
 56607 | Zot:5    | Killed an ancient lich
 56732 | Zot:5    | Identified the +10 short sword of Circularity {venom,
                  | Str+5}
 56796 | Zot:5    | Noticed an orb of fire
 56796 | Zot:5    | Noticed a dread lich
 56806 | Zot:5    | Killed a dread lich
 56808 | Zot:5    | Killed an orb of fire
 56836 | Zot:5    | Noticed a dread lich
 56836 | Zot:5    | Noticed an orb of fire
 56836 | Zot:5    | Noticed an orb of fire
 56836 | Zot:5    | Gained mutation: You are weak. (Str -2) [an orb of fire]
 56837 | Zot:5    | Gained mutation: You do not regenerate when monsters are
                  | visible. [an orb of fire]
 56841 | Zot:5    | Killed an orb of fire
 56841 | Zot:5    | Noticed an orb of fire
 56842 | Zot:5    | Reached skill level 5 in Long Blades
 56842 | Zot:5    | Killed an orb of fire
 56845 | Zot:5    | Gained mutation: You occasionally lose the ability to read
                  | scrolls when taking damage. [an orb of fire]
 56846 | Zot:5    | Killed a dread lich
 56882 | Zot:5    | Lost mutation: You are weak. (Str -2) [potion of mutation]
 56882 | Zot:5    | Lost mutation: You do not regenerate when monsters are
                  | visible. [potion of mutation]
 56882 | Zot:5    | Lost mutation: You occasionally lose the ability to read
                  | scrolls when taking damage. [potion of mutation]
 56882 | Zot:5    | Gained mutation: You expend magic power (3 MP) to
                  | strengthen your wands. [potion of mutation]
 57004 | Zot:5    | Noticed an orb of fire
 57009 | Zot:5    | Gained mutation: You occasionally lose the ability to drink
                  | potions when taking damage. [an orb of fire]
 57012 | Zot:5    | Gained mutation: You have hidden genetic defects. [an orb
                  | of fire]
 57014 | Zot:5    | Gained mutation: Armour fits poorly on your strangely
                  | shaped body. [an orb of fire]
 57016 | Zot:5    | Killed an orb of fire
 57028 | Zot:5    | Lost mutation: You are frail. (-10% HP) [potion of
                  | mutation]
 57028 | Zot:5    | Lost mutation: You expend magic power (3 MP) to strengthen
                  | your wands. [potion of mutation]
 57028 | Zot:5    | Gained mutation: You expend magic power (3 MP) to
                  | strengthen your wands. [potion of mutation]
 57028 | Zot:5    | Gained mutation: Your muscles are strong. (Str +4, Int/Dex
                  | -1) [potion of mutation]
 57028 | Zot:5    | Gained mutation: You have large cloven feet. [potion of
                  | mutation]
 57029 | Zot:5    | Lost mutation: Armour fits poorly on your strangely shaped
                  | body. [potion of mutation]
 57029 | Zot:5    | Lost mutation: You have large cloven feet. [potion of
                  | mutation]
 57029 | Zot:5    | Lost mutation: You expend magic power (3 MP) to strengthen
                  | your wands. [potion of mutation]
 57029 | Zot:5    | Gained mutation: You are partially covered in iridescent
                  | scales. (AC +2) [potion of mutation]
 57029 | Zot:5    | Gained mutation: Your muscles are very strong. (Str +8,
                  | Int/Dex -2) [potion of mutation]
 57029 | Zot:5    | Gained mutation: Your flesh is cold resistant. (rC+)
                  | [potion of mutation]
 57474 | Zot:5    | Gained mutation: You sometimes lose your temper in combat.
                  | [an orb of fire]
 57478 | Zot:5    | Gained mutation: You sometimes lose the ability to drink
                  | potions when taking damage. [an orb of fire]
 57479 | Zot:5    | Killed an orb of fire
 57480 | Zot:5    | Reached skill level 10 in Long Blades
 57548 | Zot:5    | Got the Orb of Zot
 57609 | Zot:5    | Noticed Heoproci the pandemonium lord
 57808 | Depths:3 | Noticed Eqy Kekk the pandemonium lord
 57966 | D:12     | Noticed Ufron Wea the pandemonium lord
 57968 | D:12     | Killed Ufron Wea the pandemonium lord
 58015 | D:10     | Noticed Garghem the pandemonium lord
 58016 | D:10     | Killed Garghem the pandemonium lord
 58072 | D:7      | Gained mutation: Your magical capacity is low. (-10% MP)
                  | [hidden defects]
 58094 | D:5      | Lost mutation: Your magical capacity is low. (-10% MP)
                  | [potion of mutation]
 58094 | D:5      | Lost mutation: Your flesh is cold resistant. (rC+) [potion
                  | of mutation]
 58094 | D:5      | Lost mutation: You are partially covered in iridescent
                  | scales. (AC +2) [potion of mutation]
 58094 | D:5      | Gained mutation: Your mind is acute. (Int +4, Str/Dex -1)
                  | [potion of mutation]
 58094 | D:5      | Gained mutation: You are partially covered in iridescent
                  | scales. (AC +2) [potion of mutation]
 58094 | D:5      | Lost mutation: You are partially covered in iridescent
                  | scales. (AC +2) [potion of mutation]
 58094 | D:5      | Gained mutation: You have sharp toenails. [potion of
                  | mutation]
 58169 | D:1      | Noticed Ewusyco the pandemonium lord
 58173 | D:1      | Killed Ewusyco the pandemonium lord
 58195 | D:$      | Escaped with the Orb!

Illustrated notes

Levels and vault maps discovered:
D:1:      spicycebolla_arrival_clurvy, layout_loops_cross, serial_shops,
          nicolae_square_shop, nicolae_shop_hallway_plus,
          nicolae_shop_hallway_stairs, shop
D:2:      layout_basic, basic_altar
D:3:      layout_basic, dreamdust_princess_corridor, uniq_grinder
D:4:      layout_loops_cross, kennysheep_nondescript, uniq_robin
D:5:      layout_basic, temple_fountains, minmay_shop_damaged,
          uniq_blork_the_orc
D:6:      layout_layer_cave, gammafunk_temple_of_torment, kennysheep_little_box,
          serial_glass, glass_columns_b, glass_columns_a,
          ebering_ghost_rock_garden, uniq_crazy_yiuf_cottage, uniq_pikel
D:7:      layout_loops_ring, minmay_misc_feat_x
D:8:      layout_rooms, uniq_psyche
D:9:      layout_loops_ring, nicolae_overflow_hidden_temple,
          mrwooster_statue_mirror, roderic_batcave, minmay_stone_trees_small
D:10:     layout_gridville, overflow_temple_1_default, erik_lair_island,
          nicolae_shop_i_like_big_books, kennysheep_generic_room_5
D:11:     layout_stronghold
D:12:     layout_irregular_city, nemelex_xobeh_ov_fountains_minmay, uniq_nessos,
          uniq_sonja, uniq_jorgrun
D:13:     layout_loops_ring, erik_vaults_2, portal_ice_cave_rime
D:14:     nicolae_cairo_tiling_large, layout_loops_corners, uniq_roxanne,
          uniq_louise, uniq_snorg
D:15:     grunt_enter_depths_magical_seal, layout_rooms, fedhas_altar_1,
          einodemon_armed_red_devil_minivault
Temple:   sentei_temple_godly_chess
Lair:1:   layout_roguey, gammafunk_ghost_wrathful_warriors,
          nzn_masters_of_martial_movement, uniq_urug, uniq_amaemon, uniq_grum,
          uniq_fannar, uniq_maggie
Lair:2:   layout_hall_layers, uniq_nergalle, uniq_gastronok
Lair:3:   layout_cave_shapes, nicolae_swamp_entry_splash_gauntlet,
          spider_nest_entry_web_field
Lair:4:   layout_gridlike, dpeg_slime_entry_enclosed, serial_bayou_pond_b,
          lemuel_fruit_fields, infiniplex_staircase_pool, lemuel_fruit_fields,
          grunt_megastairs_2, serial_bayou_shore_a
Lair:5:   minmay_lair_end_enchanted_forest, layout_hall_layers,
          chequers_serial_rivers_small_a, chequers_serial_rivers_marsh,
          chequers_serial_rivers_micro_d, guppyfry_lair_drakes,
          grunt_megastairs_5
Swamp:1:  layout_basic_swamp, evilmike_swamp_ruin_house_2
Swamp:2:  cheibrodos_swamp_mausoleum, layout_basic_swamp,
          hangedman_swamp_diagram, nicolae_swamp_godswood,
          infiniplex_staircase_pool_2
Swamp:3:  layout_falls_marsh, evilmike_swamp_ruin_house_4,
          statue_in_the_mist_lemuel, uniq_aizul
Swamp:4:  swamp_vile, layout_basic_swamp, swamp_pool3
Spider:1: layout_cave_pods
Spider:2: layout_spider_delve, ebering_ghost_rock_garden
Spider:3: layout_cave_pods, nicolae_spider_bug_shape,
          hangedman_spider_tarantella_strand
Spider:4: spider_rune_water, guppyfry_spider_mini_1
Slime:1:  layout_caves, nicolae_slime_ancient_tower_intersection
Slime:2:  layout_caves
Slime:3:  nicolae_slime_pool, layout_caves, nicolae_slime_getting_an_eyeful,
          uniq_dissolution
Slime:4:  layout_caves
Slime:5
Orc:1:    minmay_goldmine, layout_diamond_mine, uniq_maurice
Orc:2:    grunt_orc_tribal_feast, layout_caves, serial_shops,
          nicolae_shop_behind_doors, basic_altar, lightli_orcish_oven
Elf:1:    minmay_elf_arrival_plus, layout_geoelf_diagonals,
          hangedman_corner_corridor, minmay_misc_feat_diagonals
Elf:2:    nicolae_elf_blades_crystal_corner, layout_loops_cross, serial_shops,
          shop_fountains, drop_trap, hellmonk_bongcloud_opening,
          nicolae_elf_big_sculpture_2, grunt_ministairs_11
Elf:3:    minmay_elf_hall_circle, layout_rooms, serial_shops,
          nicolae_shop_hallway_stairs, nicolae_shop_stone,
          nicolae_lakefront_shop, nicolae_shop_hallway_plus, st_stairs_4,
          nicolae_specific_store
Vaults:1: nicolae_vaults_little_squares_1, v_misc_23, vaults_room_glass_cross,
          v_misc_16, v_misc_1, v_misc_22, ontoclasm_vaults_shuriken,
          nicolae_vaults_three_branches, nicolae_vaults_border_crossing,
          layout_vaults_quadrants, uniq_nikola
Vaults:2: vaults_standard_mumra_lines, hangedman_vaults_hat,
          ontoclasm_vaults_bender, minmay_crypt_entry_skeletal_spiral,
          hangedman_vaults_stagger, nicolae_vaults_octagons,
          vaults_room_door_hall, vaults_room_fours, vaults_mumra_hexcomb,
          layout_vaults_maze_bifur, nicolae_trove_entry_isolated, serial_shops,
          bzr_entry_water
Vaults:3: gammafunk_dig_for_victory, nicolae_vaults_little_squares_6,
          hangedman_vaults_corner_blocks, v_alt_pattern_5,
          nicolae_vaults_rhombus_7, hangedman_vaults_trim,
          nicolae_vaults_little_squares_3, vaults_mumra_minichess,
          vaults_dpeg_encased_lava, vaults_mumra_hex,
          nicolae_vaults_shelves_hall, ontoclasm_vaults_loading_screen,
          dpeg_vaults_monster_box, hangedman_vaults_capsules,
          ontoclasm_vaults_gateway, layout_vaults_omnicross, serial_shops,
          bzr_in_the_mist
Vaults:4: v_misc_16, nicolae_vaults_little_squares_3, hangedman_vaults_nodes,
          v_rooms_4, nicolae_vaults_angled_halls, nicolae_vaults_circle_grid_b,
          vaults_room_grunt_arrival_checkpoint, v_pattern_2,
          ontoclasm_vaults_pinch, nicolae_vaults_little_ls,
          nicolae_vaults_little_squares_5, ontoclasm_vaults_ring_square,
          v_misc_15, layout_vaults_big_room, uniq_xtahua
Vaults:5: serial_shops, uniq_sojobo
Depths:1: minmay_bloctagon, layout_basic, enter_ziggurat_e, hell_entry,
          grunt_decor_clamped, lightli_enter_wizlab_magi_temple,
          chequers_serial_rivers_micro_e, kennysheep_just_a_vault,
          uniq_saint_roka, uniq_enchantress
Depths:2: gammafunk_sealed_library, layout_basic, lightli_too_deep, pan_entry,
          special_room [special_room_mythical_zoo], infiniplex_staircase_river,
          uniq_mara, uniq_bai_suzhen
Depths:3: minmay_shrinking_squares, layout_gridville, pf_dread_powers_of_hell,
          abyss_entry
Depths:4: grunt_crosshair, layout_small_grid, hangedman_decor_riveting,
          hell_entry, pan_entry, abyss_entry_crystal,
          nicolae_qazlal_eye_of_the_storm, minmay_shoptagon,
          serial_bayou_shore_b
Zot:1:    layout_onion_interference, grunt_megastairs_3, uniq_tiamat
Zot:2:    nicolae_zot_draconian_monastery, layout_gridlike,
          gammafunk_ghost_mausoleum, st_stairs_3, uniq_josephina
Zot:3:    layout_cathedral_of_symmetry, uniq_parghit
Zot:4:    lemuel_firehouse, layout_cathedral_of_symmetry, guppyfry_library_mini
Zot:5:    layout_cathedral_of_symmetry

Skill      XL: |  1  2  3  4  5  6  7  8  9 10 11 12 13 14 15 16 17 18 19 20 21 22 23 24 25 26 27 |
---------------+----------------------------------------------------------------------------------+-----
Stealth        | 2 |  2.0
Ice Magic      | 5 6 7 8 14 16 17 18 20 21 24 25 | 25.0
Fighting       | 1 2 3 4 7 9 10 12 15 18 20 21 | 21.0
Shields        | 1 2 3 5 8 10 | 10.0
Summonings     | 3 |  3.4
Conjurations   | 1 5 7 8 10 12 13 14 15 16 17 18 21 24 | 24.0
Fire Magic     | 1 5 7 8 10 12 13 14 15 16 17 18 20 21 24 | 24.0
Spellcasting   | 3 5 6 7 8 9 10 12 13 14 16 17 18 19 | 19.0
Long Blades    | 1 4 10 | 10.2
Armour         | 3 5 8 10 13 15 | 15.0
Dodging        | 4 5 6 8 10 12 | 12.0
Evocations     | 2 3 4 5 10 | 10.0
Translocations | 2 4 |  4.0
Earth Magic    | 6 8 |  8.0
Necromancy     | 5 6 |  6.0

Action                     |  1- 3 |  4- 6 |  7- 9 | 10-12 | 13-15 | 16-18 | 19-21 | 22-24 | 25-27 || total
---------------------------+-------+-------+-------+-------+-------+-------+-------+-------+-------++-------
  Melee: Short sword       |     4 |       |       |       |       |       |       |       |       ||     4
         Unarmed           |     2 |       |       |       |       |       |       |       |       ||     2
         Dagger            |     9 |    14 |     3 |       |       |       |       |       |       ||    26
         Flail             |       |    28 |    57 |    38 |       |       |       |       |       ||   123
         Staff             |       |       |    23 |    25 |   216 |    81 |    53 |    20 |    19 ||   437
         Long sword        |       |       |     7 |    83 |    74 |    39 |       |       |       ||   203
         Spear             |       |       |     4 |       |       |       |       |       |       ||     4
         Demon trident     |       |       |       |       |     2 |       |       |       |       ||     2
  Throw: Dart              |     1 |     2 |       |    16 |     7 |       |       |       |       ||    26
   Cast: Freeze            |    52 |    38 |    32 |    47 |     6 |       |       |       |       ||   175
         Frozen Ramparts   |     1 |     7 |    43 |    40 |     7 |       |       |       |       ||    98
         Ozocubu's Armour  |       |     3 |     2 |    18 |    10 |     7 |       |       |     1 ||    41
         Foxfire           |       |       |    27 |    13 |    10 |     2 |       |       |       ||    52
         Fireball          |       |       |       |    88 |   102 |    31 |    26 |    50 |    18 ||   315
         Iskenderun's Myst |       |       |       |     2 |     3 |    14 |       |     1 |     2 ||    22
         Starburst         |       |       |       |       |   142 |    78 |    64 |    50 |    10 ||   344
         Ozocubu's Refrige |       |       |       |       |    77 |   342 |   417 |   304 |   209 ||  1349
         Orb of Destructio |       |       |       |       |       |    20 |    10 |    18 |    75 ||   123
         Iron Shot         |       |       |       |       |       |    18 |     3 |     4 |    34 ||    59
         Sublimation of Bl |       |       |       |       |       |       |   268 |   206 |   204 ||   678
         Polar Vortex      |       |       |       |       |       |       |    21 |    59 |    99 ||   179
         Blink             |       |       |       |       |       |       |       |     3 |     6 ||     9
         Ignition          |       |       |       |       |       |       |       |       |    34 ||    34
         Apportation       |       |       |       |       |       |       |       |       |     8 ||     8
         Fire Storm        |       |       |       |       |       |       |       |       |    70 ||    70
Ability: Hop               |     1 |     1 |       |    10 |    21 |    12 |    13 |    10 |    17 ||    85
  Evoke: Wand              |       |       |       |    12 |     6 |     3 |       |     2 |     3 ||    26
         Condenser vane    |       |       |       |       |       |     2 |       |     1 |       ||     3
    Use: Potion            |       |     3 |       |       |     4 |     1 |       |     5 |     6 ||    19
         Scroll            |       |     5 |     4 |     2 |    13 |    10 |     4 |     6 |    16 ||    60
   Stab: Sleeping          |     5 |     2 |     4 |     1 |       |       |       |     1 |       ||    13
         Paralysed         |       |       |       |     1 |     5 |       |       |       |       ||     6
 Armour: Robe              |     8 |    27 |    22 |       |       |       |       |       |       ||    57
         Steam dragon scal |       |       |    15 |   108 |   124 |       |       |       |       ||   247
         Troll leather arm |       |       |       |       |    40 |   122 |    66 |    84 |   108 ||   420
  Dodge: Dodged            |    27 |    47 |   106 |   185 |   257 |    92 |    71 |   122 |   190 ||  1097
         Repelled          |       |       |     1 |     4 |       |       |       |       |       ||     5
  Block: Buckler           |     6 |    18 |    53 |   100 |    71 |       |       |    59 |    93 ||   400
         Kite shield       |       |       |       |       |   215 |   131 |   113 |    41 |       ||   500

Table legend: (Time is in decaauts)
 A = Elapsed time spent in this place.
 B = Non-inter-level travel time spent in this place.
 C = Inter-level travel time spent in this place.
 D = Time resting spent in this place.
 E = Time spent auto-exploring this place.
 F = Levels seen in this place.
 G = Mean time per level.
                   A        B        C        D        E       F      G
               +--------+--------+--------+--------+--------+-----+--------+
         Total |  67159 |  51740 |  15419 |   8269 |    384 |  59 | 1138.3 |
       Dungeon |  17822 |  12812 |   5010 |   1499 |    326 |  15 | 1188.1 |
        Temple |     16 |     16 |      0 |      0 |      0 |   1 |   16.0 |
          Lair |   8696 |   6992 |   1704 |   2190 |     33 |   5 | 1739.2 |
         Swamp |   4323 |   3663 |    660 |    678 |      0 |   4 | 1080.8 |
   Spider Nest |   4108 |   2921 |   1187 |    332 |      0 |   4 | 1027.0 |
    Slime Pits |    900 |    820 |     80 |     55 |      0 |   5 |  180.0 |
  Orcish Mines |   2548 |   2038 |    510 |    520 |      0 |   2 | 1274.0 |
   Elven Halls |   4183 |   3115 |   1068 |    413 |      0 |   3 | 1394.3 |
        Vaults |   8490 |   6359 |   2131 |    395 |     24 |   5 | 1698.0 |
        Depths |   4970 |   3664 |   1306 |    327 |      0 |   4 | 1242.5 |
           Zot |   8098 |   6339 |   1759 |    867 |      0 |   5 | 1619.6 |
         Abyss |     81 |     81 |      0 |      0 |      0 |   1 |   81.0 |
        Bazaar |    210 |    210 |      0 |      0 |      0 |   2 |  105.0 |
         Trove |     61 |     61 |      0 |      0 |      0 |   1 |   61.0 |
      Ice Cave |   1930 |   1930 |      0 |    867 |      0 |   1 | 1930.0 |
        Wizlab |    716 |    716 |      0 |    125 |      0 |   1 |  716.0 |
               +--------+--------+--------+--------+--------+-----+--------+

Top non-repeatable levels by time:
   Elf:3: 2594 daAuts
Vaults:3: 2251 daAuts
   Zot:1: 2199 daAuts
  Lair:3: 1994 daAuts
Vaults:1: 1971 daAuts
    D:14: 1960 daAuts
   IceCv: 1930 daAuts
   Orc:2: 1897 daAuts
    D:10: 1822 daAuts
  Lair:2: 1808 daAuts
  Lair:4: 1761 daAuts
  Lair:1: 1717 daAuts
   Zot:5: 1622 daAuts
 Swamp:4: 1586 daAuts
Vaults:2: 1562 daAuts
